 Dungeon Crawl Stone Soup version 0.31-a0-117-g42d8f58691 (console) character file.

Game seed: 5083213724676543688

381 Ignak the Ogre Mage (level 6, -16/61 HPs)
             Began as an Ogre Hedge Wizard on May 30, 2023.
             Was a Follower of Okawaru.
             Demolished by a two-headed ogre
             ... wielding a +0 giant club
              (27 damage)
             ... on level 4 of the Dungeon.
             The game lasted 00:10:31 (4111 turns).

Ignak the Ogre Mage (Ogre Hedge Wizard)             Turns: 4111, Time: 00:10:34

Health: -16/61     AC:  4    Str: 15    XL:     6   Next: 75%
Magic:  4/12       EV: 10    Int: 23    God:    Okawaru [*.....]
Gold:   207        SH:  0    Dex:  8    Spells: 6/14 levels left

rFire   . . .        s - +2 whip (venom)
rCold   . . .        (no shield)
rNeg    . . .        b - +0 robe
rPois   .            c - +0 hat
rElec   .            k - +0 cloak
rCorr   .            (gloves unavailable)
SInv    .            (boots unavailable)
Will    .....        (no amulet)
Stlth   +            n - +6 ring of intelligence
HPRegen 0.30/turn    (no ring)
MPRegen 0.13/turn

%: no passive effects
@: no status effects
A: large, unfitting armour, tough skin 1
a: Renounce Religion, Heroism


You were on level 4 of the Dungeon.
You worshipped Okawaru.
Okawaru was aware of your devotion.
You visited 2 branches of the dungeon, and saw 5 of its levels.

You collected 207 gold pieces.

Inventory:

Hand Weapons
 s - a +2 whip of venom (weapon)
Armour
 b - a +0 robe (worn)
 c - a +0 hat (worn)
 k - a +0 cloak (worn)
Jewellery
 n - a +6 ring of intelligence (left hand)
Wands
 d - a wand of charming (1)
 j - a wand of acid (9)
 m - a wand of flame (25)
Scrolls
 e - a scroll of brand weapon {unknown}
 f - a scroll of identify {unknown}
 o - a scroll of teleportation {unknown}
 p - a scroll of poison {unknown}
 r - a scroll of fog {unknown}
Potions
 g - a potion of enlightenment {unknown}
 i - a potion of haste {unknown}
 l - a potion of mutation {unknown}


   Skills:
 + Level 3.0 Fighting
 * Level 0.7 Maces & Flails
 + Level 2.8 Dodging
 - Level 1.4 Stealth
 + Level 4.5 Spellcasting
 + Level 2.2 Conjurations
 - Level 0.8 Summonings
 + Level 2.2 Translocations
 + Level 1.6 Air Magic
 + Level 1.5 Poison Magic
 + Level 1.3 Invocations


You had 6 spell levels left.
You knew the following spells:

 Your Spells              Type           Power      Damage    Failure   Level
a - Magic Dart            Conj           60%        1d6       4%          1
b - Blink                 Tloc           30%        N/A       6%          2
d - Mephitic Cloud        Conj/Pois/Air  13%        N/A       14%         3
e - Call Imp              Summ           18%        N/A       11%         2

Your spell library contained the following spells:

 Spells                   Type           Power      Damage    Failure   Level
 Lesser Beckoning         Tloc           30%        N/A       6%          2
 Slow                     Hex            20%        N/A       10%         1
 Cigotuvi's Dreadful Rot  Necr/Pois/Air  20%        N/A       10%         2
 Gell's Gravitas          Tloc           15%        N/A       12%         3
 Teleport Other           Tloc           15%        N/A       12%         3
 Petrify                  Tmut/Erth      5%         N/A       69%         4
 Statue Form              Tmut/Erth      3%         N/A       100%        6
 Necromutation            Tmut/Necr      2%         N/A       100%        8


Dungeon Overview and Level Annotations

Branches:
Dungeon (4/15)             Temple (1/1) D:4

Altars:
Ashenzari
Cheibriados
Elyvilon
Kikubaaqudgha
Makhleb
Nemelex Xobeh
Okawaru
Qazlal
Ru
Trog
Uskayaw
Xom
Yredelemnul

Annotations:
D:2 Grinder


Innate Abilities, Weirdness & Mutations

You are too large for most types of armour.
You have tough skin. (AC +1)


Message History

The stinking cloud engulfs the two-headed ogre but does no damage.
The two-headed ogre is moderately wounded.
You feel stable enough to blink again.
The two-headed ogre is engulfed in noxious fumes.
The two-headed ogre appears confused.
You are too injured to fight recklessly!
You hit the two-headed ogre.
The two-headed ogre looks as sick as possible!
The two-headed ogre is moderately wounded.
The two-headed ogre gestures wildly.
The two-headed ogre seems less confused.
There is an open door here.
Casting: Mephitic Cloud (dangerous; 14% risk of failure)
Confirm with . or Enter, or press ? or * to list all spells.
Aiming: Mephitic Cloud (dangerous; 14% risk of failure)
Press: ? - help, Shift-Dir - straight line, f/p - two-headed ogre
Aim: a two-headed ogre, wielding two +0 giant clubs (heavily wounded, extremely poisoned, chance to affect: 53%)
The ball explodes into a vile cloud!
The stinking cloud engulfs the two-headed ogre but does no damage.
The two-headed ogre is heavily wounded.
The two-headed ogre is engulfed in noxious fumes.
The two-headed ogre appears confused.
The two-headed ogre screams, "I'll kill you anyway!"
Throw: 2 javelins
Press: ? - help, Q - select action, (/) - cycle Shift-Dir - straight line, f/p - two-headed ogre
Aim: a two-headed ogre, wielding two +0 giant clubs (heavily wounded, confused, very poisoned, 84% to hit)
You throw a javelin.
The javelin barely misses the two-headed ogre.
Throw: javelin
Press: ? - help, Q - select action, (/) - cycle Shift-Dir - straight line, f/p - two-headed ogre
Aim: a two-headed ogre, wielding two +0 giant clubs (severely wounded, confused, very poisoned, 84% to hit)
You throw a javelin.
The javelin barely misses the two-headed ogre.
You hit the two-headed ogre.
The two-headed ogre is severely wounded.
The two-headed ogre seems less confused.
The two-headed ogre hits you with a +0 giant club!!
* * * LOW HITPOINT WARNING * * *
The two-headed ogre hits you with a +0 giant club!!
You die...

############ #######
##..........###### #.....#
.#..........#....# #.....#
.#......>...#....# ##.....#
.'..........#....####......#
.#..........#.PPPPPP..PPP..#
.#.......(..'..O@.P.P.P.P..#
##..........##P.P.P.P.P.P..######
.....#####'#..P.P.P.P.....#......
.....#.....#..P.PPP)P.PPP........
.....#.....#..P.).......P...#....
...........#...PP.PPP.PPP...#....
...........#..P...P.P.P.P...#†...
≈≈.........'..P.PPP.P.P.P...#....
≈≈≈≈.......#........P...P...#....


You could see a two-headed ogre (very poisoned).

Vanquished Creatures
  A centaur (D:4)
  A scorpion (D:4)
  2 orc priests (D:4)
  Ijyb (D:2)
  An orc wizard (D:4)
  Terence (D:2)
  3 gnolls (D:4)
  3 dart slugs
  2 orcs (D:4)
  3 bats
  4 endoplasms
  3 giant cockroaches
  5 goblins
  5 hobgoblins
  A jackal (D:1)
  2 quokkas
  11 ball pythons
  3 frilled lizards
  3 kobolds
  7 rats
62 creatures vanquished.

Vanquished Creatures (collateral kills)
  An orc (D:3)
  A bat (D:2)
  3 endoplasms
  A goblin (D:1)
  3 hobgoblins
  A jackal (D:1)
  2 kobolds
  A ball python (D:2)
  3 frilled lizards
  A rat (D:1)
17 creatures vanquished.

Grand Total: 79 creatures vanquished

Notes
Turn   | Place    | Note
-------+----------+-------------------------------------------
     0 | D:1      | Ignak the Ogre Hedge Wizard began the quest for the Orb.
     0 | D:1      | Reached XP level 1. HP: 16/16 MP: 5/5
    45 | D:1      | Reached skill level 1 in Conjurations
    45 | D:1      | Reached skill level 1 in Translocations
   263 | D:2      | Reached XP level 2. HP: 26/26 MP: 6/6
   269 | D:2      | Learned a level 2 spell: Blink
   272 | D:2      | Learned a level 2 spell: Call Imp
   294 | D:1      | Reached skill level 1 in Fighting
   567 | D:1      | Reached XP level 3. HP: 26/33 MP: 4/8
   571 | D:1      | Learned a level 3 spell: Mephitic Cloud
  1519 | D:2      | Reached skill level 4 in Spellcasting
  1772 | D:2      | Reached XP level 4. HP: 40/41 MP: 10/10
  1869 | D:3      | Noticed Grinder
  2217 | D:3      | Noticed Terence
  2228 | D:3      | Noticed Ijyb
  2306 | D:2      | Killed Ijyb
  2492 | D:2      | Killed Terence
  2685 | D:3      | Got the Directory of Evolution
  2940 | D:4      | Reached skill level 1 in Air Magic
  2969 | D:4      | Found a staircase to the Ecumenical Temple.
  2995 | Temple   | Entered the Ecumenical Temple
  3009 | Temple   | Became a worshipper of Warmaster Okawaru
  3051 | D:4      | Reached XP level 5. HP: 44/49 MP: 11/11
  3135 | D:4      | Reached skill level 1 in Poison Magic
  3214 | D:4      | Noticed a centaur
  3235 | D:4      | Killed a centaur
  3235 | D:4      | Reached * piety under Okawaru
  3236 | D:4      | Reached skill level 1 in Invocations
  3236 | D:4      | Reached XP level 6. HP: 18/59 MP: 12/12
  4082 | D:4      | Noticed a two-headed ogre
  4111 | D:4      | Demolished by a two-headed ogre

Illustrated notes

Levels and vault maps discovered:
D:1:      nzn_arrival_settlement, layout_basic, minmay_crystal_water
D:2:      layout_rooms, serial_forest, infiniplex_forest_straight_3,
          infiniplex_forest_corner_1, infiniplex_forest_straight_4,
          infiniplex_forest_lined_3_way, infiniplex_forest_clump_double,
          infiniplex_forest_clump_tiny, infiniplex_forest_lined_2,
          infiniplex_forest_lined_ring, hangedman_glass_teeth, hex_medium
D:3:      layout_rooms, uniq_ijyb, uniq_grinder, uniq_terence
D:4:      cheibrodos_pilgrimage, layout_gridville, temple_pool_b,
          kennysheep_nondescript, minmay_hedge_maze
Temple:   nicolae_temple_bog_church

Skill      XL: |  1  2  3  4  5  6 |
---------------+-------------------+-----
Conjurations   | 1 2 |  2.2
Translocations | 1 2 |  2.2
Dodging        | 2 |  2.8
Fighting       | 1 2 3 |  3.0
Spellcasting   | 4 |  4.5
Air Magic      | 1 |  1.6
Poison Magic   | 1 |  1.5
Invocations    | 1 |  1.3
Maces & Flails | |  0.7
Stealth        | |  1.4
Summonings     | |  0.8

Action                     |  1- 3 |  4- 6 || total
---------------------------+-------+-------++-------
  Melee: Dagger            |    10 |       ||    10
         Short sword       |    13 |       ||    13
         Punch             |     5 |     2 ||     7
         Club              |   142 |   108 ||   250
         Whip              |       |    27 ||    27
  Throw: Throwing net      |     1 |       ||     1
         Javelin           |       |     5 ||     5
   Cast: Magic Dart        |    19 |    11 ||    30
         Call Imp          |    13 |     3 ||    16
         Mephitic Cloud    |       |    17 ||    17
         Blink             |       |     6 ||     6
  Evoke: Wand              |       |     1 ||     1
    Use: Potion            |       |     2 ||     2
         Scroll            |       |     1 ||     1
   Stab: Sleeping          |     3 |       ||     3
         Distracted        |     1 |     1 ||     2
         Confused          |       |     4 ||     4
 Armour: Robe              |    47 |    74 ||   121
  Dodge: Dodged            |    89 |   115 ||   204

Table legend: (Time is in decaauts)
 A = Elapsed time spent in this place.
 B = Non-inter-level travel time spent in this place.
 C = Inter-level travel time spent in this place.
 D = Time resting spent in this place.
 E = Time spent auto-exploring this place.
 F = Levels seen in this place.
 G = Mean time per level.
                   A        B        C        D        E       F      G
               +--------+--------+--------+--------+--------+-----+--------+
         Total |   4194 |   4087 |    107 |    758 |   1602 |   5 |  838.8 |
       Dungeon |   4166 |   4059 |    107 |    758 |   1602 |   4 | 1041.5 |
        Temple |     28 |     28 |      0 |      0 |      0 |   1 |   28.0 |
               +--------+--------+--------+--------+--------+-----+--------+

Top non-repeatable levels by time:
     D:2: 1345 daAuts
     D:1: 1157 daAuts
     D:4: 1016 daAuts
     D:3: 647 daAuts
  Temple: 28 daAuts
